 Dungeon Crawl Stone Soup version 0.28-a0-653-g7e9dba17c3 (webtiles) character file.

Game seed: 5029948037277618368

702 Johnny the Chiller (level 7, 60/60 HPs)
             Began as a Pale Draconian Ice Elementalist on Oct 12, 2021.
             Was a Follower of Sif Muna.
             Got out of the dungeon alive.
             The game lasted 00:02:53 (4814 turns).

Johnny the Chiller (DrIE)                           Turns: 4814, Time: 00:02:54

Health: 60/60      AC:  6    Str: 11    XL:     7   Next: 39%
Magic:  14/14      EV: 12    Int: 17    God:    Sif Muna [*.....]
Gold:   73         SH:  0    Dex: 11    Spells: 8/15 levels left

rFire   + . .      SeeInvis .   a - +0 dagger
rCold   . . .      Faith    .   (no shield)
rNeg    . . .      Spirit   .   (armour unavailable)
rPois   .          Reflect  .   (helmet restricted)
rElec   .          Harm     .   (no cloak)
rCorr   .          Rampage  .   (no gloves)
Will    .....                   (no boots)
Stlth   ++........              (no amulet)
HPRegen 0.20/turn               f - ring of protection from fire
MPRegen 0.14/turn               (no ring)

@: no status effects
A: breathe steam, AC +6, unfitting armour, cold-blooded, steam resistance
a: Breathe Steam, Renounce Religion, Channel Magic


You escaped.
You worshipped Sif Muna.
Sif Muna was aware of your devotion.
You visited 1 branch of the dungeon, and saw 4 of its levels.

You collected 73 gold pieces.

Inventory:

Hand Weapons
 a - a +0 dagger (weapon)
 o - a +2 whip of freezing
Jewellery
 f - a ring of protection from fire (left hand)
Wands
 n - a wand of mindburst (10)
Scrolls
 b - a scroll of teleportation {unknown}
 c - 2 scrolls of enchant weapon {unknown}
 d - a scroll of immolation {unknown}
 i - 2 scrolls of identify {unknown}
 l - a scroll of blinking {unknown}
 m - a scroll of fear {unknown}
Potions
 e - 3 potions of might {unknown}
 g - 2 potions of resistance {unknown}
 h - a potion of flight {unknown}
 j - a potion of curing {unknown}
 k - a potion of brilliance {unknown}


   Skills:
 + Level 4.9 Fighting
 - Level 1.7 Dodging
 - Level 1.7 Stealth
 + Level 4.6 Spellcasting
 + Level 6.2 Ice Magic


You had 8 spell levels left.
You knew the following spells:

 Your Spells              Type           Power      Damage    Failure   Level
a - Freeze                Ice            100%       1d11      1%          1
b - Frozen Ramparts       Ice            50%        1d7       3%          3
c - Ozocubu's Armour      Ice            25%        N/A       3%          3

Your spell library contained the following spells:

 Spells                   Type           Power      Damage    Failure   Level
 Hailstorm                Conj/Ice       14%        3d5       38%         4
 Summon Guardian Golem    Hex/Summ       3%         N/A       41%         3
 Orb of Destruction       Conj           1%         N/A       100%        7
 Spellforged Servitor     Conj/Summ      1%         N/A       100%        7


Dungeon Overview and Level Annotations

Branches:
Dungeon (4/15)
 Temple: D:4-7

Altars:
Sif Muna

Annotations:
D:3 Grinder


Innate Abilities, Weirdness & Mutations

You can breathe blasts of scalding, opaque steam.
Your pale cyan-grey scales are hard. (AC +6)
You cannot fit into any form of body armour.
You are cold-blooded and may be slowed by cold attacks.
You are immune to the effects of steam.


Message History

Press: ? - help, Shift-Dir - straight line, f - adder
Aim: an adder (almost dead)
You freeze the adder!
You kill the adder!
Sif Muna accepts your kill.
You feel sick.
Casting: Freeze (safe; 1% risk of failure)
Confirm with . or Enter, or press ? or * to list all spells.
You can't see any susceptible monsters within range! (Use Z to cast anyway.)
You feel sick.
You feel sick.
n - a wand of mindburst (10)
Things that are here:
a +2 whip of freezing; a +0 robe; the kobold corpse of Pikel You feel sick.
o - a +2 whip of freezing You feel sick.
You feel sick.
You feel sick.
Found a stone staircase leading up.
You feel sick.
You are no longer poisoned.
Found a stone staircase leading down.
There is an escape hatch in the ceiling here.
A mysterious force pulls you upwards. The hatch slams shut behind you.
Level annotation: Grinder Magic restored.
HP restored.
Key pressed, stopping explore.
There is a stone staircase leading up here.
You climb upwards.
There is a stone staircase leading down here.
Done exploring.
Done exploring.
There is a stone staircase leading up here.
You climb upwards.
There is a stone staircase leading down here.
There is an open door here.
There is a staircase leading out of the dungeon here.
Are you sure you want to leave the Dungeon?
This will make you lose the game!
You have escaped!

#...'.....#
###.####
#.8.#.....# #.#
#...#.....#####.#
#...#(..........#
######.##########
#####'# #.....#
#.....# #.@##.#
#.....# #.....#
#######


There were no monsters in sight!

Vanquished Creatures
  Pikel (D:4)
  Sigmund (D:3)
  2 lemures (D:4)
  2 adders
  3 dart slugs (D:1)
  5 ball pythons
  11 endoplasms
  A giant cockroach (D:3)
  9 hobgoblins
  2 jackals (D:3)
  6 kobolds
  6 quokkas
  6 bats
  5 frilled lizards
  6 goblins
  6 rats
72 creatures vanquished.

Notes
Turn   | Place    | Note
-------+----------+-------------------------------------------
     0 | D:1      | Johnny the Draconian Ice Elementalist began the quest for
                  | the Orb.
     0 | D:1      | Reached XP level 1. HP: 14/14 MP: 3/3
   404 | D:1      | Reached XP level 2. HP: 17/22 MP: 5/5
   558 | D:1      | You fall into a shaft and drop 1 floor!
   558 | D:2      | Found a shimmering blue altar of Sif Muna.
   563 | D:2      | Reached skill level 1 in Fighting
   579 | D:2      | Became a worshipper of Sif Muna the Loreminder
   864 | D:2      | Found a faded altar of an unknown god.
   911 | D:2      | Reached XP level 3. HP: 21/28 MP: 4/6
  2458 | D:2      | Learned a level 3 spell: Frozen Ramparts
  2462 | D:2      | Learned a level 3 spell: Ozocubu's Armour
  2512 | D:3      | Reached * piety under Sif Muna
  3038 | D:2      | Reached XP level 4. HP: 35/36 MP: 8/8
  3689 | D:3      | Noticed Sigmund
  3708 | D:3      | Killed Sigmund
  3709 | D:3      | Reached skill level 5 in Ice Magic
  3709 | D:3      | Reached XP level 5. HP: 17/45 MP: 0/10
  4162 | D:3      | Noticed Grinder
  4389 | D:4      | Noticed Pikel
  4389 | D:4      | Noticed a lemure
  4391 | D:4      | Noticed a lemure
  4394 | D:4      | Noticed a lemure
  4408 | D:4      | Killed a lemure
  4408 | D:4      | Noticed a lemure
  4409 | D:4      | Killed a lemure
  4413 | D:4      | Killed Pikel
  4414 | D:4      | Reached skill level 6 in Ice Magic
  4414 | D:4      | Reached XP level 6. HP: 27/55 MP: 1/13
  4414 | D:4      | Your scales start taking on a pale cyan-grey colour.
  4414 | D:4      | Reached XP level 7. HP: 30/60 MP: 1/14
  4414 | D:4      | Gained mutation: You are immune to the effects of steam.
                  | [Pale Draconian growth]
  4814 | D:$      | Got out of the dungeon alive.

Illustrated notes

Levels and vault maps discovered:
D:1:      dpeg_arrival_rooms_b, layout_basic, minivault_24
D:2:      layout_basic, shapermc_ecumenical_altar_ellora, basic_altar,
          dk_noncrumbling_3, minmay_goblin_kobold_house
D:3:      layout_loops_corners, serial_shops, nicolae_shop_behind_doors,
          kennysheep_nondescript, uniq_grinder, uniq_sigmund, uniq_terence
D:4:      layout_loops_ring, general_overflow_altar, minmay_temple_entry_trees,
          uniq_pikel

Skill      XL: |  1  2  3  4  5 |
---------------+----------------+-----
Fighting       | 1 2 3 4 |  4.9
Spellcasting   | 3 4 |  4.6
Ice Magic      | 5 6 |  6.2
Dodging        | |  1.7
Stealth        | |  1.7

Action                   |  1- 3 |  4- 6 |  7- 9 || total
-------------------------+-------+-------+-------++-------
Melee: Unarmed           |    22 |       |       ||    22
       Dagger            |   153 |    59 |     7 ||   219
       Tailslap          |    16 |     1 |     1 ||    18
 Cast: Freeze            |    31 |    11 |     1 ||    43
       Frozen Ramparts   |       |     3 |       ||     3
       Ozocubu's Armour  |       |     2 |       ||     2
 Stab: Sleeping          |     6 |     4 |       ||    10
Armor: Skin              |    76 |    21 |     1 ||    98
Dodge: Dodged            |   168 |    50 |     5 ||   223

Table legend: (Time is in decaauts)
 A = Elapsed time spent in this place.
 B = Non-inter-level travel time spent in this place.
 C = Inter-level travel time spent in this place.
 D = Time resting spent in this place.
 E = Time spent auto-exploring this place.
 F = Levels seen in this place.
 G = Mean time per level.
                   A        B        C        D        E       F      G
               +--------+--------+--------+--------+--------+-----+--------+
         Total |   4822 |   4579 |    243 |     76 |   3857 |   4 | 1205.5 |
       Dungeon |   4822 |   4579 |    243 |     76 |   3857 |   4 | 1205.5 |
               +--------+--------+--------+--------+--------+-----+--------+

Top non-repeatable levels by time:
     D:1: 1940 daAuts
     D:2: 1643 daAuts
     D:3: 1073 daAuts
     D:4: 165 daAuts
